Map: Jagannatha LE

Players

goblin

  • Race: Protoss Protoss

SKillous - Winner!

  • Race: Protoss Protoss

Event: DreamHack SC2 Masters 2021 Fall

VOD

Have the link to the VOD?

Description

Time

  • Played on: July 28, 2021, 1:14 p.m.
  • Length: 12:02

All games in this series

Show
View Real Time Build Order
Export as new Build Order

goblin Protoss 

Build Orders: Blink Stalkers, Dark Templar Rush 

Get SALT Encoding   

  12  0:00  Probe  
  13  0:12  Probe  
  14  0:18  Pylon  
  14  0:24  Probe (Chrono Boost)  
  15  0:37  Gateway, Probe (Chrono Boost)  
  16  0:45  Probe (Chrono Boost)  
  16  0:46  Assimilator  
  17  0:51  Probe  
  17  0:54  Assimilator  
  18  1:03  Probe (Chrono Boost)  
  19  1:08  Gateway  
  19  1:13  Probe (Chrono Boost)  
  19  1:18  Probe (Chrono Boost)  
  20  1:25  Cybernetics Core  
  21  1:33  Pylon  
  21  1:37  Probe  
  22  1:49  Probe  
  23  2:00  Warp Gate (Chrono Boost)  
  23  2:01  Probe  
  24  2:02  Adept x2  
  28  2:14  Pylon  
  28  2:33  Adept x2  
  32  2:50  Nexus  
  32  2:55  Probe  
  33  3:05  Adept x2  
  37  3:08  Pylon  
  37  3:19  Twilight Council  
  36  3:35  Probe  
  37  3:42  Shield Battery  
  37  3:45  Sentry, Stalker  
  41  3:55  Blink (Chrono Boost), Dark Shrine  
  41  4:00  Probe  
  42  4:03  Probe  
  43  4:13  Probe  
  44  4:18  Probe  
  44  4:22  Robotics Facility  
  45  4:26  Probe  
  45  4:30  Probe  
  47  4:38  Probe  
  47  4:40  Sentry  
  47  4:43  Cybernetics Core  
  46  4:56  Pylon  
  44  5:00  Gateway  
  44  5:01  Pylon  
  44  5:09  Observer (Chrono Boost)  
  44  5:11  Dark Templar  
  47  5:16  Gateway  
  46  5:35  Probe  
  47  5:46  Probe (Chrono Boost)  
  47  5:47  Probe (Chrono Boost)  
  49  5:58  Probe (Chrono Boost)  
  49  5:59  Probe (Chrono Boost)  
  49  6:00  Gateway x2  
  49  6:02  Gateway  
  49  6:05  Probe (Chrono Boost)  
  49  6:06  Probe (Chrono Boost)  
  51  6:12  Probe  
  51  6:13  Stalker x2, Probe  
  51  6:15  Pylon  
  57  6:25  Probe  
  50  6:37  Shield Battery  
  50  6:38  Stalker x2  
  54  6:44  Pylon  
  54  6:49  Gateway  
  54  6:50  Observer  
  54  6:51  Probe  
  56  6:55  Stalker x2  
  56  6:57  Probe  
  56  7:01  Assimilator  
  61  7:02  Stalker  
  61  7:03  Probe  
  61  7:06  Stalker  
  60  7:24  Probe x2  
  62  7:36  Stalker, Probe x2 (Chrono Boost)  
  62  7:37  Stalker x4  
  74  7:47  Probe (Chrono Boost)  
  76  7:53  Stalker  
  76  7:56  Pylon  
  77  8:18  Stalker x3  
  77  8:19  Stalker  
  85  8:21  Pylon  
  85  8:22  Pylon  
  85  8:35  Pylon  
  85  8:36  Warp Prism (Chrono Boost)  
  87  8:42  Stalker x4  
  87  8:47  Stalker  
  97  9:05  Charge (Chrono Boost)  
  97  9:13  Zealot x5  
  97  9:14  Zealot  
  109  9:17  Observer  
  109  9:19  Pylon  
  98  9:54  Zealot  
  98  9:55  Zealot x5  
  110  10:22  Pylon x2  
  110  10:32  Dark Templar x3  
  116  10:36  Pylon  
  116  10:39  Zealot  
  116  10:40  Zealot x2  
  122  11:14  Zealot x4  
  122  11:15  Zealot x2  
  67  11:47  Stalker  
  67  11:48  Stalker x5  
Show
View Real Time Build Order
Export as new Build Order

SKillous Protoss - Winner!

Build Orders: Dark Templar Rush 

Get SALT Encoding   

  12  0:00  Probe  
  13  0:12  Probe  
  14  0:17  Pylon  
  14  0:25  Probe (Chrono Boost)  
  15  0:37  Gateway, Probe (Chrono Boost)  
  16  0:45  Probe (Chrono Boost)  
  16  0:47  Assimilator  
  17  0:51  Probe (Chrono Boost)  
  18  0:57  Assimilator  
  18  1:04  Probe (Chrono Boost)  
  19  1:09  Gateway  
  19  1:13  Probe (Chrono Boost)  
  19  1:18  Probe  
  21  1:26  Cybernetics Core  
  21  1:30  Probe  
  22  1:39  Pylon  
  22  1:42  Probe  
  23  1:57  Probe  
  24  2:02  Adept  
  24  2:03  Adept, Warp Gate  
  28  2:11  Pylon  
  28  2:21  Pylon  
  28  2:25  Twilight Council  
  28  2:34  Stalker  
  28  2:35  Stalker  
  32  3:00  Shield Battery  
  32  3:05  Dark Shrine  
  32  3:18  Shield Battery  
  32  3:23  Nexus  
  32  3:26  Probe  
  31  3:30  Pylon  
  31  3:38  Probe  
  30  3:50  Shield Battery  
  30  3:52  Stalker  
  30  3:53  Stalker, Probe  
  35  4:06  Probe  
  36  4:17  Dark Templar x2  
  39  4:18  Probe  
  40  4:27  Blink (Chrono Boost)  
  40  4:30  Probe (Chrono Boost)  
  42  4:40  Probe (Chrono Boost)  
  42  4:41  Probe (Chrono Boost)  
  43  4:47  Robotics Facility  
  43  4:48  Probe (Chrono Boost)  
  43  4:50  Probe (Chrono Boost)  
  45  5:00  Probe (Chrono Boost)  
  45  5:02  Probe (Chrono Boost)  
  45  5:03  Assimilator  
  45  5:04  Pylon  
  47  5:09  Probe (Chrono Boost)  
  47  5:10  Probe (Chrono Boost)  
  49  5:15  Probe  
  49  5:17  Probe  
  51  5:24  Shield Battery  
  51  5:25  Stalker  
  51  5:26  Stalker  
  51  5:28  Probe  
  54  5:30  Probe  
  51  5:42  Pylon  
  51  5:43  Pylon  
  51  5:44  Observer (Chrono Boost)  
  51  5:48  Sentry  
  54  5:50  Stalker  
  54  5:51  Probe x2  
  54  5:55  Pylon  
  58  6:03  Probe x2  
  56  6:11  Stalker  
  56  6:13  Observer  
  56  6:15  Probe x2  
  56  6:16  Stalker  
  63  6:21  Forge  
  63  6:27  Probe  
  63  6:30  Probe  
  65  6:34  Gateway  
  65  6:35  Gateway  
  65  6:36  Stalker  
  67  6:43  Probe  
  67  6:46  Probe  
  69  6:48  Assimilator  
  69  6:49  Protoss Ground Weapons Level 1 (Chrono Boost)  
  69  6:52  Gateway  
  69  6:55  Probe  
  69  6:59  Photon Cannon  
  70  7:07  Observer, Immortal (Chrono Boost)  
  74  7:12  Probe x2  
  68  7:24  Probe  
  68  7:25  Gateway  
  68  7:26  Gateway  
  67  7:31  Stalker x2  
  67  7:32  Sentry  
  73  7:41  Immortal  
  77  7:50  Pylon  
  76  7:59  Sentry, Stalker x2  
  76  8:02  Pylon  
  82  8:11  Pylon  
  82  8:15  Pylon  
  82  8:17  Pylon  
  82  8:22  Nexus  
  82  8:34  Dark Templar  
  84  8:41  Shield Battery, Sentry x2  
  84  8:42  Stalker  
  84  8:43  Shield Battery  
  84  8:44  Observer (Chrono Boost)  
  91  8:50  Stalker x2  
  95  8:58  Shield Battery  
  95  8:59  Shield Battery  
  93  9:06  Probe  
  93  9:08  Probe  
  93  9:09  Stalker x2  
  99  9:11  Protoss Ground Weapons Level 2 (Chrono Boost)  
  99  9:18  Probe  
  100  9:30  Stalker x2  
  104  9:37  Stalker  
  106  9:43  Dark Templar x2  
  110  9:46  Charge  
  110  9:48  Archon  
  110  9:53  Observer  
  110  9:59  Dark Templar  
  112  10:01  Photon Cannon  
  112  10:03  Archon  
  112  10:04  Photon Cannon  
  112  10:09  Stalker x2  
  116  10:14  Shield Battery  
  116  10:21  Stalker x3  
  124  10:29  Assimilator  
  124  10:31  Assimilator  
  124  10:34  Pylon, Zealot, Immortal (Chrono Boost)  
  126  10:42  Observer  
  128  10:43  Pylon  
  128  10:54  Dark Templar x2, Zealot  
  128  10:55  Zealot  
  128  10:56  Zealot  
  138  10:58  Archon  
  138  11:01  Stalker  
  138  11:18  Zealot x4  
  146  11:20  Pylon  
  146  11:21  Pylon  
  142  11:29  Dark Templar x2  
  137  11:44  Zealot x4  
  132  11:48  Probe (Chrono Boost)  
  132  11:52  Probe (Chrono Boost)  

Tags
 
Add a new tag
Caveats
  • Supply blocks, unpowered buildings, or Contaminate may cause inaccurate times.
  • Supply counts are checked every 10 seconds.